 Dungeon Crawl Stone Soup version 0.19.5 (webtiles) character file.

101598 AAAAA the Ogre Mage (level 16, -14/172 HPs)
             Began as an Ogre Wizard on Apr 3, 2017.
             Was the Champion of Ashenzari.
             Killed from afar by an ice dragon (56 damage)
             ... with a blast of cold
             ... on level 1 of the Depths.
             The game lasted 02:30:31 (36191 turns).

AAAAA the Ogre Mage (Ogre Wizard)                  Turns: 36191, Time: 02:30:31

Health: -14/172    AC:  6    Str: 16    XL:     16   Next: 31%
Magic:  15/52      EV: 15    Int: 22    God:    Ashenzari [******]
Gold:   1653       SH:  0    Dex:  8    Spells: 12 memorised, 3 levels left

rFire  . . .     SeeInvis +     b - staff of power
rCold  . . .     Gourm    .     Z - +1 robe {Archmagi} (curse)
rNeg   . . .     Faith    .     (no shield)
rPois  .         Spirit   .     R - +0 hat (curse)
rElec  .         Reflect  .     f - +1 cloak {+Inv}
rCorr  .         Harm     .     (gloves unavailable)
MR     ++...     Clarity  +     (boots unavailable)
Stlth  ++........               Y - amulet of magic regeneration (curse)
                                G - ring of protection from magic
                                r - ring of wizardry (curse)

@: regenerating, repel missiles
A: unfitting armour, tough skin 1
a: Curse Item, Scrying, Transfer Knowledge, Renounce Religion, Evoke
Invisibility


You were on level 1 of the Depths.
You worshipped Ashenzari.
Ashenzari was exalted by your worship.
You were near starving.

You visited 5 branches of the dungeon, and saw 25 of its levels.
You also visited: Labyrinth and Ossuary.

You collected 3127 gold pieces.
You spent 1474 gold pieces at shops.

Inventory:

Hand Weapons
 a - a +1 demon blade of draining
Missiles
 o - 7 throwing nets (quivered)
Armour
 f - a +1 cloak of invisibility (worn)
 D - +0 fire dragon scales
 I - a +2 robe of cold resistance
 J - a +0 large shield of fire resistance
 R - a cursed +0 hat (worn)
 Z - a cursed +1 robe of the Archmagi (worn)
Magical Staves
 b - an uncursed staff of power (weapon)
 X - an uncursed staff of conjuration
Rods
 s - a +9 rod of ignition (14/14)
   (You found it in a labyrinth)
Jewellery
 h - an uncursed ring of ice
 r - a cursed ring of wizardry (left hand)
 G - a ring of protection from magic (right hand)
 H - an uncursed ring of poison resistance
 Y - a cursed amulet of magic regeneration (around neck)
Wands
 z - a wand of iceblast (7/15)
 K - a wand of paralysis (14/24)
 U - a wand of digging (8/24)
Scrolls
 c - 3 scrolls of fear
 q - 4 scrolls of enchant weapon
 u - 7 scrolls of teleportation
 w - 6 scrolls of fog
 x - a scroll of holy word
 y - 3 scrolls of recharging
 B - 4 scrolls of immolation
 F - 2 scrolls of blinking
 L - 6 scrolls of remove curse
 O - a scroll of vulnerability
 P - 8 scrolls of magic mapping
 T - a scroll of enchant armour
Potions
 g - 5 potions of resistance
 i - 3 potions of agility
 k - 5 potions of haste
 n - 17 potions of curing
 p - 3 potions of heal wounds
 t - 3 potions of flight
 v - 4 potions of lignification
 A - 2 potions of might
 C - a potion of invisibility
 E - 2 potions of ambrosia
 N - a potion of magic
 Q - a potion of berserk rage
 S - a potion of cure mutation
 V - 2 potions of brilliance
 W - a potion of cancellation
Miscellaneous
 e - a lamp of fire
 l - a fan of gales
Comestibles
 d - 13 bread rations
 j - 8 meat rations
 m - 22 fruits


   Skills:
 - Level 14.0 Fighting
 - Level 10.0(12.8) Dodging
 - Level 1.4(3.4) Stealth
 + Level 9.7 Shields
 - Level 17.0 Spellcasting
 - Level 12.0(14.6) Conjurations
   Level 0.6(2.0) Summonings
 - Level 0.6(2.0) Translocations


You had 3 spell levels left.
You knew the following spells:

 Your Spells              Type           Power        Failure   Level  Hunger
a - Poison Arrow          Conj/Pois      ######....   10%         6    ####...
b - Ignite Poison         Fire/Tmut/Pois ####....     4%          3    None
c - Olgreb's Toxic Radia  Pois           ####....     12%         4    None
d - Sticky Flame          Conj/Fire      ######..     1%          4    None
e - Regeneration          Chrm/Necr      ####......   4%          3    None
f - Repel Missiles        Chrm/Air       ####..       1%          2    None
g - Blink                 Tloc           N/A          1%          2    None
h - Conjure Flame         Conj/Fire      ######..     1%          3    None
i - Mephitic Cloud        Conj/Pois/Air  ######..     1%          3    None
j - Control Undead        Necr           ####......   12%         4    None
k - Delayed Fireball      Conj/Fire      N/A          67%         7    ######.
l - Venom Bolt            Conj/Pois      ######....   1%          5    ##.....


Dungeon Overview and Level Annotations

Branches:
Dungeon (15/15)            Temple (1/1) D:6            Lair (6/6) D:9
 Shoals (0/4) Lair:4        Snake (0/4) Lair:3        Slime (0/5) Lair:5
    Orc (2/2) D:11            Elf (0/3) Orc:2        Vaults (0/5) D:14
 Depths (1/5) D:15

Altars:
Ashenzari
Cheibriados
Dithmenos
Elyvilon
Fedhas
Gozag
Hepliaklqana
Kikubaaqudgha
Makhleb
Nemelex Xobeh
Okawaru
Ru
Sif Muna
Trog
Uskayaw
Vehumet
Xom
Yredelemnul
Zin
The Shining One
Beogh

Shops:
D:13 }   Orc:2 (*[:!=   Depths:1 [([

Annotations:
D:7 exclusion: 2 downstairs
D:8 exclusion: 2 upstairs, Gastronok
D:15 exclusion: Roxanne, Roxanne
Lair:4 exclusion: oklob plant
Lair:5 exclusion: 4 oklob plants


Innate Abilities, Weirdness & Mutations

You are too large for most types of armour.
You have tough skin. (AC +1)


Message History

You feel a surge of power!
Your skin crawls.
Casting: Regeneration
Confirm with . or Enter, or press ? or * to list all spells.
You feel a surge of power!
Your skin crawls.
Casting: Regeneration
Confirm with . or Enter, or press ? or * to list all spells.
You feel a surge of power!
Your skin crawls.
Casting: Regeneration
Confirm with . or Enter, or press ? or * to list all spells.
You feel a surge of power!
Your skin crawls.
You start resting.
An ice dragon comes into view.
You are near starving!
An ogre mage comes into view. It is wielding a spear.
The ogre mage shouts!
The ogre mage casts a spell at you. You resist with almost no effort.
The ice dragon breathes frost at you. The blast of cold hits you!
You die...

##...................O.,,,,,,#.
#.[.[.##...............,{{{,,#.
###..###.##............,{,,,,#.
#........D.............,,,,,*,
##.....................,****,,
#######.##.................#* ###
...................)........###.#
###.........####..#..............
∆,#####'#####,∆#@##..............
,,* #.#****,,#.#...#...........
*+****#.#*,,*+##....##...........
*,,,,*#.#*,,,,#..##..............
*,**,*#.#*{*,,#..###.............
*,*∆,*#+#*,,,,#..# #.............
*∆****,,,****+#..# ###.....})....
*,,,,+,,,+,,,,#..# *##..........
*+****,,,****+##.# #..........##


You could see an ice dragon.

Vanquished Creatures
  A fire giant (Depths:1)
  An ettin (Depths:1)
  A minotaur (Lab)
  A fire dragon (Lair:6)
  Harold (D:9)
  9 hydras
  6 ogre magi
  Erolcha (D:10)
  3 ice dragons
  A great orb of eyes (Depths:1)
  4 centaur warriors
  Fannar (D:10)
  A catoblepas (D:15)
  Urug (D:10)
  A tengu warrior (D:13)
  Sonja (Orc:2)
  An orc high priest (Orc:1)
  2 wizards
  4 unseen horrors
  6 hill giants
  2 lindwurms
  4 orc knights
  An oklob plant (Lair:5)
  An orc sorcerer (Orc:1)
  A manticore (D:12)
  18 ugly things
  6 cyclopes
  Maurice (D:10)
  10 elephants
  6 torpor snails (Lair:6)
  5 black mambas
  3 centaur skeletons
  7 spiny frogs
  3 rime drakes
  2 efreet (D:13)
  A kobold demonologist (D:12)
  A yaktaur (Depths:1)
  7 komodo dragons
  A freezing wraith (D:15)
  A tengu conjurer (D:13)
  A jumping spider (shapeshifter) (D:14)
  10 polar bears
  4 tyrant leeches (Lair:6)
  6 trolls
  15 two-headed ogres
  8 hornets (Lair:6)
  13 hippogriffs
  A snapping turtle (Lair:4)
  5 blink frogs (Lair:2)
  2 dream sheep (D:10)
  3 raiju (Lair:6)
  2 shadows
  8 redbacks (D:14)
  37 yaks
  A vampire (D:10)
  2 water elementals (Depths:1)
  3 wyverns
  2 wraiths
  4 fire bats (D:10)
  2 hungry ghosts
  8 vampire mosquitoes
  12 wargs
  A steam dragon (D:10)
  A mottled dragon (D:11)
  2 soldier ants
  8 water moccasins
  A floating eye (Depths:1)
  5 hell hounds (Lair:6)
  12 porcupines
  31 orc warriors
  3 ice beasts
  4 sky beasts
  14 black bears
  2 phantoms
  11 centaurs
  33 ogres
  10 wolves (Lair:6)
  10 crocodiles
  7 big kobolds
  24 bullfrogs
  A gnoll sergeant (D:7)
  2 wyvern zombies (D:10)
  3 scorpions (D:10)
  3 killer bees (D:7)
  9 wights (D:11)
  2 howler monkeys
  2 electric eels (D:9)
  5 centaur zombies
  9 crimson imps
  A quasit (D:9)
  3 bullfrog zombies
  2 bullfrog skeletons
  19 hounds
  21 orc wizards
  6 jellies
  24 orc priests
  9 worker ants
  6 iguanas
  6 hell rats (Lair:2)
  6 big kobold zombies (Ossuary)
  A centaur simulacrum (D:10)
  2 hound zombies (D:5)
  A hound skeleton (D:7)
  3 mummies
  A howler monkey zombie (D:5)
  3 worker ant zombies
  18 gnolls
  13 adders
  3 shadow imps
  2 oozes
  An adder zombie (D:4)
  A dart slug (D:1)
  5 leopard geckos
  77 orcs
  6 giant cockroaches
  11 goblins
  11 hobgoblins
  10 jackals
  24 kobolds
  3 quokkas
  2 ball pythons
  6 bats
  5 frilled lizards
  2 goblin zombies (D:5)
  A hobgoblin zombie (Ossuary)
  2 leopard gecko skeletons
  A quokka zombie (D:5)
  8 rats
  3 plants (Lair:6)
821 creatures vanquished.

Vanquished Creatures (collateral kills)
  A hungry ghost (D:9)
  A hell hound (D:10)
  A necrophage (D:9)
  2 mummies (Ossuary)
  A leopard gecko (D:7)
  3 orcs (D:6)
9 creatures vanquished.

Vanquished Creatures (others)
  A bush (Lair:6)
  3 fire vortices (D:10)
  18 fungi
  29 plants
51 creatures vanquished.

Grand Total: 881 creatures vanquished

Notes
Turn   | Place    | Note
-------+----------+-------------------------------------------
     0 | D:1      | AAAAA the Ogre Wizard began the quest for the Orb.
     0 | D:1      | Reached XP level 1. HP: 16/16 MP: 5/5
   157 | D:1      | Reached skill level 4 in Spellcasting
   184 | D:1      | Reached XP level 2. HP: 22/24 MP: 1/7
   512 | D:1      | Reached XP level 3. HP: 28/31 MP: 3/9
   923 | D:1      | Reached skill level 5 in Spellcasting
  1404 | D:2      | Reached XP level 4. HP: 31/39 MP: 2/11
  1409 | D:2      | Learned a level 3 spell: Conjure Flame
  1413 | D:2      | Learned a level 3 spell: Mephitic Cloud
  1416 | D:2      | Learned a level 2 spell: Blink
  1419 | D:2      | Learned a level 2 spell: Repel Missiles
  2285 | D:3      | Found a sacrificial altar of Ru.
  2369 | D:3      | Reached skill level 6 in Spellcasting
  2700 | D:3      | Reached XP level 5. HP: 45/45 MP: 10/13
  2749 | D:3      | Found a sacrificial altar of Ru.
  2941 | D:3      | Noticed a big kobold
  3083 | D:3      | Noticed a big kobold
  3656 | D:3      | Killed a big kobold
  3656 | D:3      | Reached skill level 7 in Spellcasting
  3840 | D:3      | Killed a big kobold
  3840 | D:3      | Reached XP level 6. HP: 53/53 MP: 2/16
  4060 | D:4      | Found a shattered altar of Ashenzari.
  4071 | D:4      | Became a worshipper of Ashenzari the Shackled
  4285 | D:4      | Reached skill level 8 in Spellcasting
  4640 | D:4      | Noticed a phantom
  4711 | D:4      | Killed a phantom
  4711 | D:4      | Reached XP level 7. HP: 32/59 MP: 4/19
  4847 | D:4      | Reached skill level 9 in Spellcasting
  5421 | D:5      | Entered Level 5 of the Dungeon
  5620 | D:5      | Found a sand-covered staircase.
  5795 | Ossuary  | Entered an ossuary
  5799 | Ossuary  | Learned a level 2 spell: Call Imp
  5874 | Ossuary  | Reached * piety under Ashenzari
  5986 | Ossuary  | Reached skill level 10 in Spellcasting
  6130 | Ossuary  | Reached XP level 8. HP: 67/67 MP: 18/22
  6520 | D:5      | Reached skill level 11 in Spellcasting
  7612 | D:6      | Found an ancient bone altar of Kikubaaqudgha.
  7737 | D:6      | Found a staircase to the Ecumenical Temple.
  7783 | D:6      | Reached skill level 12 in Spellcasting
  8268 | D:6      | Identified the Volume of Dislocated Flames
  8524 | Temple   | Entered the Ecumenical Temple
  8634 | Temple   | Reached ** piety under Ashenzari
  8743 | D:7      | Reached XP level 9. HP: 67/74 MP: 9/25
  9175 | D:7      | Reached skill level 13 in Spellcasting
  9206 | D:7      | Reached skill level 1 in Conjurations
  9244 | D:7      | Got the cursed quarterstaff "Citint" {freeze, SInv}
  9360 | D:7      | Learned a level 3 spell: Regeneration
  9705 | D:7      | Reached skill level 5 in Conjurations
  9772 | D:8      | Learned a level 5 spell: Venom Bolt
  9798 | D:8      | Noticed Gastronok
  9878 | D:7      | Reached XP level 10. HP: 65/81 MP: 11/27
 10686 | D:9      | Found a staircase to the Lair.
 11623 | D:10     | Entered Level 10 of the Dungeon
 11885 | D:10     | Noticed Erolcha
 11899 | D:10     | Killed Erolcha
 12051 | D:10     | Noticed Urug
 12292 | D:10     | Killed Urug
 12292 | D:10     | Reached XP level 11. HP: 15/88 MP: 6/28
 12669 | D:10     | Noticed Harold
 12703 | D:9      | Killed Harold
 13095 | D:10     | Killed an unseen horror
 13233 | D:10     | Noticed Fannar
 13269 | Lair:1   | Entered Level 1 of the Lair of Beasts
 13278 | Lair:1   | Reached skill level 10 in Conjurations
 14332 | Lair:2   | Reached skill level 14 in Spellcasting
 14615 | Lair:2   | Reached XP level 12. HP: 96/96 MP: 15/30
 14878 | Lair:2   | Reached skill level 15 in Spellcasting
 15132 | Lair:2   | Noticed a six-headed hydra
 15191 | Lair:2   | Killed a six-headed hydra
 15399 | Lair:2   | Reached *** piety under Ashenzari
 15595 | Lair:2   | Reached skill level 16 in Spellcasting
 15974 | Lair:3   | Learned a level 4 spell: Sticky Flame
 16415 | Lair:3   | Found a staircase to the Snake Pit.
 16526 | Lair:3   | Learned a level 4 spell: Olgreb's Toxic Radiance
 16853 | Lair:3   | Reached skill level 17 in Spellcasting
 17023 | Lair:4   | Noticed an eight-headed hydra
 17044 | Lair:4   | Killed an eight-headed hydra
 17248 | Lair:4   | Reached **** piety under Ashenzari
 17291 | Lair:4   | Reached XP level 13. HP: 102/102 MP: 19/34
 17304 | Lair:4   | Learned a level 4 spell: Control Undead
 17615 | Lair:4   | Found a staircase to the Shoals.
 18332 | Lair:5   | Found a staircase to the Slime Pits.
 19430 | Lair:6   | Entered Level 6 of the Lair of Beasts
 19778 | Lair:6   | Reached skill level 1 in Fighting
 19864 | Lair:6   | Noticed a fire dragon
 19867 | Lair:6   | Found a runed door.
 20734 | Lair:6   | Reached skill level 5 in Fighting
 22415 | Lair:6   | Reached skill level 10 in Fighting
 22415 | Lair:6   | Reached XP level 14. HP: 120/143 MP: 26/35
 23332 | D:10     | Killed Fannar
 23349 | D:10     | Learned a level 7 spell: Delayed Fireball
 24057 | D:10     | Noticed Maurice
 24164 | D:10     | Killed Maurice
 24630 | D:11     | Reached ***** piety under Ashenzari
 24787 | D:11     | Paralysed by a wizard for 2 turns
 24887 | D:11     | Learned a level 6 spell: Poison Arrow
 24931 | D:11     | Found a staircase to the Orcish Mines.
 25433 | Orc:1    | Entered Level 1 of the Orcish Mines
 26200 | Orc:1    | Reached skill level 5 in Dodging
 26314 | Orc:1    | Found a roughly hewn altar of Beogh.
 26477 | Orc:2    | Entered Level 2 of the Orcish Mines
 26477 | Orc:2    | Found Pugake's Antique Weapon Shoppe.
 26523 | Orc:2    | Bought a runed giant spiked club for 284 gold pieces
 26568 | Orc:2    | Found a labyrinth entrance.
 26582 | Lab      | Entered a labyrinth
 29130 | Lab      | Identified the Collected Works on Poison
 29137 | Lab      | Learned a level 3 spell: Ignite Poison
 29153 | Lab      | Got the hunting sling of Wisdom {velocity, rPois MP+9 Str+3}
 29155 | Lab      | Got the glaive "Viyceag" {chop, rF- rC+ Str+7}
 29157 | Lab      | Got the quarterstaff "Tuojir" {freeze, Dex+4}
 29168 | Orc:2    | Identified a +9 rod of ignition (14/14) (You found it in a labyrinth)
 29224 | Orc:2    | Found Pum Ymio's General Store.
 29483 | Orc:2    | Reached XP level 15. HP: 161/163 MP: 4/36
 29495 | Orc:2    | Noticed Sonja
 29829 | Orc:2    | Killed Sonja
 30138 | Orc:2    | Found Luurig's Distillery.
 30144 | Orc:2    | Found Iliruhun's Armour Shop.
 30166 | Orc:2    | Found Cazing's Jewellery Boutique.
 30166 | Orc:2    | Found Apanieb's Book Shoppe.
 30359 | Orc:2    | Found a staircase to the Elven Halls.
 30500 | Orc:2    | Bought a +0 large shield of fire resistance for 149 gold pieces
 30507 | Orc:2    | Bought a potion of curing for 39 gold pieces
 30507 | Orc:2    | Bought a potion of curing for 39 gold pieces
 30507 | Orc:2    | Bought 2 potions of curing for 78 gold pieces
 30507 | Orc:2    | Bought a potion of brilliance for 52 gold pieces
 30532 | Orc:2    | Bought a scroll of identify for 28 gold pieces
 31938 | D:13     | Found Becheyh's Gadget Emporium.
 31943 | D:13     | Reached skill level 10 in Dodging
 32097 | D:13     | Reached skill level 1 in Shields
 32638 | D:14     | Found a gate to the Vaults.
 33572 | D:14     | Reached skill level 5 in Shields
 33642 | D:15     | Entered Level 15 of the Dungeon
 33642 | D:15     | Identified the +4 plate armour of Taefi {+Blink rPois Regen+ Slay+2}
 33658 | D:15     | Reached ****** piety under Ashenzari
 33761 | D:15     | Noticed Roxanne
 34567 | D:15     | Found a staircase to the Depths.
 34811 | D:15     | Reached XP level 16. HP: 151/172 MP: 27/37
 35569 | Depths:1 | Entered Level 1 of the Depths
 35979 | Depths:1 | Found Xuwkaufa's Antique Armour Boutique.
 35979 | Depths:1 | Found Momnurhyfo's Antique Weapon Shop.
 36040 | Depths:1 | Found Natogez's Armour Boutique.
 36052 | Depths:1 | Bought a runed cloak for 357 gold pieces
 36057 | Depths:1 | Bought a shimmering falchion for 224 gold pieces
 36060 | Depths:1 | Bought a bloodstained short sword for 224 gold pieces
 36191 | Depths:1 | Killed from afar by an ice dragon

Skill      XL: |  1  2  3  4  5  6  7  8  9 10 11 12 13 14 15 16 |
---------------+-------------------------------------------------+-----
Spellcasting   | 4 5 6 7 8 10 12 13 14 17 | 17.0
Conjurations   | 5 8 10 12 | 12.0
Fighting       | 10 14 | 14.0
Dodging        | 7 10 | 10.0
Shields        | 7 9 |  9.7
Stealth        | |  1.4
Summonings     | |  0.6
Translocations | |  0.6

Action                   |  1- 3 |  4- 6 |  7- 9 | 10-12 | 13-15 | 16-18 || total
-------------------------+-------+-------+-------+-------+-------+-------++-------
Melee: Dagger            |    37 |   176 |   359 |   415 |   138 |       ||  1125
       Long sword        |       |     2 |       |       |       |       ||     2
       Halberd           |       |       |    88 |       |       |       ||    88
       Dire flail        |       |       |   110 |       |       |       ||   110
       Staff             |       |       |     1 |       |    23 |       ||    24
       Demon blade       |       |       |       |       |     2 |       ||     2
 Cast: Magic Dart        |    91 |   123 |   128 |       |       |       ||   342
       Mephitic Cloud    |       |    13 |    22 |    16 |     7 |       ||    58
       Conjure Flame     |       |    19 |    56 |    55 |    31 |     1 ||   162
       Blink             |       |     2 |    13 |    21 |    11 |       ||    47
       Call Imp          |       |       |    22 |    16 |     9 |       ||    47
       Regeneration      |       |       |     2 |    67 |    62 |     4 ||   135
       Repel Missiles    |       |       |     1 |     3 |     5 |     1 ||    10
       Venom Bolt        |       |       |       |   145 |   432 |       ||   577
       Sticky Flame      |       |       |       |    12 |   146 |    11 ||   169
       Poison Arrow      |       |       |       |       |    65 |    45 ||   110
       Ignite Poison     |       |       |       |       |    86 |    10 ||    96
       Olgreb's Toxic Ra |       |       |       |       |    47 |     6 ||    53
Invok: Curse Item        |       |       |     1 |     1 |     2 |       ||     4
       Scrying           |       |       |       |     1 |     5 |       ||     6
Evoke: Wand              |       |       |       |     3 |     6 |       ||     9
       Rod               |       |       |       |       |     1 |     2 ||     3
  Use: Scroll            |       |     2 |     7 |    14 |    12 |     1 ||    36
       Potion            |       |       |       |     2 |     1 |       ||     3
 Stab: Confused          |       |     4 |     2 |     2 |     1 |       ||     9
       Distracted        |       |       |     1 |     1 |       |       ||     2
       Paralysed         |       |       |       |       |    18 |       ||    18
  Eat: Chunk             |     1 |     9 |    11 |    31 |    52 |     5 ||   109
       Fruit             |       |     1 |       |     1 |       |       ||     2
       Beef jerky        |       |     1 |     1 |       |     3 |       ||     5
       Meat ration       |       |       |     1 |     1 |       |       ||     2
       Pizza             |       |       |       |     1 |     8 |       ||     9
       Royal jelly       |       |       |       |     2 |    10 |     5 ||    17
Armor: Robe              |    15 |    29 |   100 |   105 |    96 |    11 ||   356
Dodge: Dodged            |    33 |    74 |   233 |   227 |   336 |    40 ||   943
       Deflected         |       |       |     1 |     5 |    22 |     3 ||    31
       Rpst.: Demon blade |       |       |       |       |     2 |       ||     2
